| TOP OF THE 1ST |
|
Norfolk Tides batting - Pitching for Fresno Grizzlies : RHP Kyle McPeak
|
|
Pitching: RHP Kyle McPeak
|
|
|
Batting: RHB Bobby Scholl
|
0-0: Ball 1-0: Ball 2-0: Foul Ball, location: 2F 2-1: Foul Ball, location: 2F 2-2: Hit by Pitch
|
|
Batting: LHB Jose Chinchilla
|
0-0: Ground out 5-3 (Groundball, 56S, EV 75.6 MPH) Bobby Scholl to second
|
|
Batting: LHB Wes Goscinski
|
0-0: Swinging Strike 0-1: Ball 1-1: Foul Ball, location: 2F 1-2: Strikes out swinging
|
|
Batting: RHB Muneer Maudad
|
0-0: Called Strike 0-1: Foul Ball, location: 2F 0-2: Ball 1-2: Ground out 1-3 (Groundball, 13S, EV 65.6 MPH)
|
| Top of the 1st over - 0 runs, 0 hits, 0 errors, 1 left on base; Norfolk 0 - Fresno 0 |
| BOTTOM OF THE 1ST |
|
Fresno Grizzlies batting - Pitching for Norfolk Tides : RHP Sam Wilson
|
|
Pitching: RHP Sam Wilson
|
|
|
Batting: SHB Bryan Johnston
|
0-0: Fly out, F5 (Popup, 6S, EV 80.6 MPH)
|
|
Batting: RHB Ramon Castellon
|
0-0: Ball 1-0: SINGLE (Groundball, 34D, EV 107.5 MPH)
|
|
Batting: LHB Jimmy Edlin
|
0-0: Foul Ball, location: 2F 0-1: Ball 1-1: Ball 2-1: Ball 3-1: Base on Balls Ramon Castellon to second
|
|
Batting: RHB Elijah Hunter
|
0-0: Swinging Strike 0-1: Foul Ball, location: 2F 0-2: Ball 1-2: Ball 2-2: Foul Ball, location: 2F 2-2: Foul Ball, location: 2F 2-2: Foul Ball, location: 2F 2-2: SINGLE (Groundball, 6MD, EV 106.2 MPH) Ramon Castellon to third Jimmy Edlin to second Runner from 3rd tries for Home, SAFE, throw by CF to home
|
|
Batting: RHB Marty King
|
0-0: Called Strike 0-1: Ball 1-1: Ball 2-1: Fly out, F9 (Flyball, 9LS, EV 81.9 MPH)
|
|
Batting: SHB Paskar Adegoke
|
0-0: Swinging Strike 0-1: Ball 1-1: Called Strike 1-2: Foul Ball, location: 2F 1-2: Strikes out swinging
|
| Bottom of the 1st over - 1 run, 2 hits, 0 errors, 2 left on base; Norfolk 0 - Fresno 1 |
| TOP OF THE 2ND |
|
Norfolk Tides batting - Pitching for Fresno Grizzlies : RHP Kyle McPeak
|
|
Batting: SHB Brian Bentz
|
0-0: Ball 1-0: Ground out U3 (Groundball, 3, EV 96.9 MPH)
|
|
Batting: RHB Mario Saez
|
0-0: Ball 1-0: Ball 2-0: Ball 3-0: Base on Balls
|
|
Batting: LHB Tyler Allen
|
0-0: Ball 1-0: Ball 2-0: Called Strike 2-1: Foul Ball, location: 2F 2-2: DOUBLE (Line Drive, 7LD, EV 102.5 MPH) Mario Saez to third Runner from 3rd tries for Home, SAFE, throw by LF to trailing runner, SAFE at third!
|
|
Batting: RHB Adam Swimmer
|
0-0: Fly out, F9 (Line Drive, 9S, EV 91.9 MPH)
|
|
Batting: RHB Andy Bridger
|
0-0: Ball 1-0: Ground out 5-3 (Groundball, 5, EV 83.1 MPH)
|
| Top of the 2nd over - 1 run, 1 hit, 0 errors, 1 left on base; Norfolk 1 - Fresno 1 |
| BOTTOM OF THE 2ND |
|
Fresno Grizzlies batting - Pitching for Norfolk Tides : RHP Sam Wilson
|
|
Batting: RHB Mark Marks
|
0-0: Ball 1-0: Ball 2-0: Ball 3-0: Base on Balls
|
|
Batting: RHB Nick Deegan
|
0-0: Called Strike Mark Marks steals 2nd base 0-1: Foul Ball, location: 2F 0-2: Strikes out looking
|
|
Batting: RHB Xavier Castaneda
|
0-0: Ground out 1-3 (Groundball, 13, EV 60.0 MPH) Mark Marks to third
|
|
Batting: SHB Bryan Johnston
|
0-0: Called Strike 0-1: Ball 1-1: Ball 2-1: 2-RUN HOME RUN (Flyball, 9D, EV 101.9 MPH), Distance : 389 ft
|
|
Batting: RHB Ramon Castellon
|
0-0: SINGLE (Groundball, 4MD, EV 105.0 MPH)
|
|
Batting: LHB Jimmy Edlin
|
0-0: Called Strike 0-1: Ball 1-1: Swinging Strike 1-2: Foul Ball, location: 2F 1-2: Foul Ball, location: 2F 1-2: Ball 2-2: Foul Ball, location: 2F 2-2: Strikes out swinging
|
| Bottom of the 2nd over - 2 runs, 2 hits, 0 errors, 1 left on base; Norfolk 1 - Fresno 3 |
| TOP OF THE 3RD |
|
Norfolk Tides batting - Pitching for Fresno Grizzlies : RHP Kyle McPeak
|
|
Batting: RHB Bobby Scholl
|
0-0: Called Strike 0-1: Ball 1-1: Foul Ball, location: 2F 1-2: Ball 2-2: SINGLE (Line Drive, 6D, EV 99.4 MPH)
|
|
Batting: LHB Jose Chinchilla
|
0-0: Foul Ball, location: 2F 0-1: Ball 1-1: Foul Ball, location: 2F 1-2: Ball 2-2: Strikes out swinging
|
|
Batting: LHB Wes Goscinski
|
0-0: Foul Ball, location: 2F 0-1: Fly out, F9 (Line Drive, 9, EV 102.5 MPH)
|
|
Batting: RHB Muneer Maudad
|
0-0: Foul Ball, location: 2F 0-1: Ball 1-1: Fly out, F7 (Flyball, 78D, EV 92.5 MPH)
|
| Top of the 3rd over - 0 runs, 1 hit, 0 errors, 1 left on base; Norfolk 1 - Fresno 3 |
| BOTTOM OF THE 3RD |
|
Fresno Grizzlies batting - Pitching for Norfolk Tides : RHP Sam Wilson
|
|
Batting: RHB Elijah Hunter
|
0-0: Foul Ball, location: 2F 0-1: Ball 1-1: Foul Ball, location: 2F 1-2: Ball 2-2: Strikes out looking
|
|
Batting: RHB Marty King
|
0-0: Ball 1-0: Foul Ball, location: 2F 1-1: Foul Ball, location: 2F 1-2: Ball 2-2: Ball 3-2: Ground out 4-3 (Groundball, 4, EV 87.5 MPH)
|
|
Batting: SHB Paskar Adegoke
|
0-0: Fly out, F7 (Line Drive, 78M, EV 93.8 MPH)
|
| Bottom of the 3rd over - 0 runs, 0 hits, 0 errors, 0 left on base; Norfolk 1 - Fresno 3 |
| TOP OF THE 4TH |
|
Norfolk Tides batting - Pitching for Fresno Grizzlies : RHP Kyle McPeak
|
|
Batting: SHB Brian Bentz
|
0-0: Called Strike 0-1: Swinging Strike 0-2: Strikes out swinging
|
|
Batting: RHB Mario Saez
|
0-0: Reached on error, E1 (Groundball, 15S, EV 71.9 MPH)
|
|
Batting: LHB Tyler Allen
|
0-0: Ball 1-0: Swinging Strike 1-1: SINGLE (Groundball, 34D, EV 95.6 MPH) Mario Saez to third Runner from 3rd tries for Home, SAFE, throw by RF to home
|
|
Batting: RHB Adam Swimmer
|
0-0: Called Strike 0-1: Ball 1-1: Ball 2-1: SINGLE (Groundball, 4MD, EV 94.4 MPH) Tyler Allen to second Runner from 2nd tries for 3rd, SAFE, throw by CF made to third
|
|
Batting: RHB Andy Bridger
|
0-0: Fielders Choice at 2nd, 6-4 (Groundball, 6, EV 86.2 MPH) Tyler Allen scores
|
|
Batting: RHB Bobby Scholl
|
0-0: Foul Ball, location: 2F 0-1: Fly out, F3 (Popup, 34, EV 76.2 MPH)
|
| Top of the 4th over - 2 runs, 2 hits, 1 error, 1 left on base; Norfolk 3 - Fresno 3 |
| BOTTOM OF THE 4TH |
|
Fresno Grizzlies batting - Pitching for Norfolk Tides : RHP Sam Wilson
|
|
Batting: RHB Mark Marks
|
0-0: Called Strike 0-1: Called Strike 0-2: Fly out, F9 (Flyball, 9D, EV 91.9 MPH)
|
|
Batting: RHB Nick Deegan
|
0-0: Ball 1-0: Swinging Strike 1-1: Swinging Strike 1-2: Ball 2-2: Ball 3-2: Foul Ball, location: 2F 3-2: Base on Balls
|
|
Batting: RHB Xavier Castaneda
|
0-0: Ball 1-0: Ball 2-0: Swinging Strike 2-1: Foul Ball, location: 2F 2-2: Ball 3-2: Strikes out swinging Nick Deegan is caught stealing 2nd base 2-4 Batter strikes out.
|
| Bottom of the 4th over - 0 runs, 0 hits, 0 errors, 0 left on base; Norfolk 3 - Fresno 3 |
| TOP OF THE 5TH |
|
Norfolk Tides batting - Pitching for Fresno Grizzlies : RHP Kyle McPeak
|
|
Batting: LHB Jose Chinchilla
|
0-0: Fly out, F5 (Popup, 56S, EV 77.5 MPH)
|
|
Batting: LHB Wes Goscinski
|
0-0: Ground out 5-3 (Groundball, 5, EV 83.1 MPH)
|
|
Batting: RHB Muneer Maudad
|
0-0: Called Strike 0-1: Ball 1-1: Fly out, F9 (Flyball, 89M, EV 88.1 MPH)
|
| Top of the 5th over - 0 runs, 0 hits, 0 errors, 0 left on base; Norfolk 3 - Fresno 3 |
| BOTTOM OF THE 5TH |
|
Fresno Grizzlies batting - Pitching for Norfolk Tides : RHP Sam Wilson
|
|
Batting: SHB Bryan Johnston
|
0-0: Called Strike 0-1: Ball 1-1: Fly out, F8 (Flyball, 8LXD, EV 93.8 MPH)
|
|
Batting: RHB Ramon Castellon
|
0-0: Called Strike 0-1: Ball 1-1: Called Strike 1-2: Strikes out swinging
|
|
Batting: LHB Jimmy Edlin
|
0-0: Swinging Strike 0-1: Ball 1-1: Ground out 1-3 (Groundball, 34S, EV 70.6 MPH)
|
| Bottom of the 5th over - 0 runs, 0 hits, 0 errors, 0 left on base; Norfolk 3 - Fresno 3 |
| TOP OF THE 6TH |
|
Norfolk Tides batting - Pitching for Fresno Grizzlies : RHP Kyle McPeak
|
|
Batting: SHB Brian Bentz
|
0-0: Called Strike 0-1: Foul Ball, location: 2F 0-2: Ground out 4-3 (Groundball, 4, EV 101.2 MPH)
|
|
Batting: RHB Mario Saez
|
0-0: Called Strike 0-1: Called Strike 0-2: Ball 1-2: Reached on error, E6 (Groundball, 6, EV 86.2 MPH)
|
|
Batting: LHB Tyler Allen
|
0-0: Foul Ball, location: 2F 0-1: Ball 1-1: Swinging Strike 1-2: Foul Ball, location: 2F 1-2: Strikes out swinging
|
|
Batting: RHB Adam Swimmer
|
0-0: Ball 1-0: Ball 2-0: Called Strike 2-1: Ball 3-1: Swinging Strike 3-2: Strikes out swinging
|
| Top of the 6th over - 0 runs, 0 hits, 1 error, 1 left on base; Norfolk 3 - Fresno 3 |
| BOTTOM OF THE 6TH |
|
Fresno Grizzlies batting - Pitching for Norfolk Tides : RHP Sam Wilson
|
|
Batting: RHB Elijah Hunter
|
0-0: Ball 1-0: Called Strike 1-1: Foul Ball, location: 2F 1-2: Foul Ball, location: 2F 1-2: Ball 2-2: SINGLE (Line Drive, 6D, EV 96.9 MPH)
|
|
Batting: RHB Marty King
|
0-0: Ball 1-0: Called Strike 1-1: Swinging Strike 1-2: Fly out, F4 (Popup, 4M, EV 64.4 MPH)
|
|
Pitching: RHP Roger Warren
|
|
|
Batting: SHB Paskar Adegoke
|
0-0: Ball 1-0: Grounds into double play, 5-4-3 (Groundball, 56, EV 96.9 MPH)
|
| Bottom of the 6th over - 0 runs, 1 hit, 0 errors, 0 left on base; Norfolk 3 - Fresno 3 |
| TOP OF THE 7TH |
|
Norfolk Tides batting - Pitching for Fresno Grizzlies : RHP Kyle McPeak
|
|
Batting: RHB Andy Bridger
|
0-0: Fly out, F9 (Line Drive, 9S, EV 92.5 MPH)
|
|
Batting: RHB Bobby Scholl
|
0-0: Foul Ball, location: 2F 0-1: Ball 1-1: Ball 2-1: Ball 3-1: Called Strike 3-2: Ground out 4-3 (Groundball, 4MS, EV 90.6 MPH)
|
|
Batting: LHB Jose Chinchilla
|
0-0: Foul Ball, location: 2F 0-1: Ball 1-1: Swinging Strike 1-2: Foul Ball, location: 2F 1-2: Strikes out swinging
|
| Top of the 7th over - 0 runs, 0 hits, 0 errors, 0 left on base; Norfolk 3 - Fresno 3 |
| BOTTOM OF THE 7TH |
|
Fresno Grizzlies batting - Pitching for Norfolk Tides : RHP Roger Warren
|
|
Batting: RHB Mark Marks
|
0-0: Swinging Strike 0-1: Ball 1-1: Foul Ball, location: 2F 1-2: Ball 2-2: Strikes out swinging
|
|
Batting: RHB Nick Deegan
|
0-0: Foul Ball, location: 2F 0-1: Ground out 6-3 (Groundball, 6, EV 100.0 MPH)
|
|
Batting: RHB Xavier Castaneda
|
0-0: Foul Ball, location: 2F 0-1: Fly out, F7 (Flyball, 7, EV 88.1 MPH)
|
| Bottom of the 7th over - 0 runs, 0 hits, 0 errors, 0 left on base; Norfolk 3 - Fresno 3 |
| TOP OF THE 8TH |
|
Norfolk Tides batting - Pitching for Fresno Grizzlies : RHP Kyle McPeak
|
|
Pitching: LHP Mike Cobb
|
|
|
Batting: LHB Wes Goscinski
|
0-0: Ball 1-0: Called Strike 1-1: Ball 2-1: Swinging Strike 2-2: Strikes out swinging
|
|
Pitching: RHP Bill Garcia
|
|
|
Batting: RHB Muneer Maudad
|
0-0: Called Strike 0-1: Ball 1-1: Foul Ball, location: 2F 1-2: Foul Ball, location: 2F 1-2: Foul Ball, location: 2F 1-2: Ball 2-2: Foul Ball, location: 2F 2-2: Ball 3-2: Foul Ball, location: 2F 3-2: SINGLE (Groundball, 4MD, EV 94.4 MPH)
|
|
Batting: SHB Brian Bentz
|
0-0: Fielders Choice at 2nd, 4-6 (Groundball, 34, EV 85.6 MPH)
|
|
Pinch Hitting: SHB Ben Pierce
|
0-0: Called Strike 0-1: Ball 1-1: Swinging Strike 1-2: Ball 2-2: Ball 3-2: Strikes out swinging
|
| Top of the 8th over - 0 runs, 1 hit, 0 errors, 1 left on base; Norfolk 3 - Fresno 3 |
| BOTTOM OF THE 8TH |
|
Fresno Grizzlies batting - Pitching for Norfolk Tides : RHP Roger Warren
|
|
Now in RF: James Betron
|
|
|
Batting: SHB Bryan Johnston
|
0-0: Ball 1-0: Swinging Strike 1-1: Foul Ball, location: 2F 1-2: Strikes out looking
|
|
Batting: RHB Ramon Castellon
|
0-0: Ball 1-0: Foul Ball, location: 2F 1-1: Ball 2-1: Called Strike 2-2: Strikes out swinging
|
|
Batting: LHB Jimmy Edlin
|
0-0: Swinging Strike 0-1: Ball 1-1: Swinging Strike 1-2: Strikes out swinging
|
| Bottom of the 8th over - 0 runs, 0 hits, 0 errors, 0 left on base; Norfolk 3 - Fresno 3 |
| TOP OF THE 9TH |
|
Norfolk Tides batting - Pitching for Fresno Grizzlies : RHP Bill Garcia
|
|
Batting: LHB Tyler Allen
|
0-0: Ball 1-0: Reached via error on a dropped throw from 2B, E3 (Groundball, 4, EV 82.5 MPH)
|
|
Pinch Hitting: LHB Pat Shaddock
|
0-0: Called Strike Tyler Allen is caught stealing 2nd base 2-6 0-1: Foul Ball, location: 2F 0-2: Strikes out swinging
|
|
Pinch Hitting: RHB Kory Sanchez
|
0-0: Ball 1-0: Ground out 4-3 (Groundball, 4M, EV 85.6 MPH)
|
| Top of the 9th over - 0 runs, 0 hits, 1 error, 0 left on base; Norfolk 3 - Fresno 3 |
| BOTTOM OF THE 9TH |
|
Fresno Grizzlies batting - Pitching for Norfolk Tides : RHP Roger Warren
|
|
Pitching: RHP Corey Rizzuto
|
|
|
Now at C: Kory Sanchez
|
|
|
Now at 2B: Bobby Melillo
|
|
|
Batting: RHB Elijah Hunter
|
0-0: Ball 1-0: Called Strike 1-1: Ball 2-1: Ball 3-1: DOUBLE (Flyball, 89D, EV 113.8 MPH)
|
|
Batting: RHB Marty King
|
0-0: Called Strike 0-1: Ball 1-1: SINGLE (Line Drive, 3D, EV 93.8 MPH) Elijah Hunter to third Runner from 3rd tries for Home, SAFE, throw by RF to home
|
| Bottom of the 9th over - 1 run, 2 hits, 0 errors, 1 left on base; Norfolk 3 - Fresno 4 |
|